Blues vs Oilers

Created - November 7 2011 at 18:29

Goals
1 2 3 T
Blues 2 1 2 5
Oilers 2 0 0 2
Shots
1 2 3 T
Blues 11 18 13 42
Oilers 12 3 6 21

Period #1

1. Blues , Jussi Jokinen 3 (Steve Ott, Dennis Wideman) at 0:27
2. Oilers , Stephen Weiss 9 (Dany Heatley) at 5:44
3. Blues , Kristian Huselius 4 (Kent Huskins) at 11:20
4. Oilers , Dany Heatley 7 (Stephen Weiss, Roman Hamrlik) at 13:27 (PP)

Penalties :
Jean-Pierre Dumont (STL) for Roughing (Minor) at 1:38, Scott Hannan (EDM) for Holding (Minor) at 8:02, Milan Jurcina (STL) for Roughing (Minor) at 12:49

Period #2

5. Blues , Mikael Backlund 1 (Milan Jurcina, Yannick Weber) at 14:59 (PP)

Penalties :
Roman Hamrlik (EDM) for Holding (Minor) at 1:56, Roman Hamrlik (EDM) for Slashing (Minor) at 4:13, Milan Jurcina (STL) for Tripping (Minor) at 7:35, Adrian Aucoin (EDM) for Tripping (Minor) at 13:45

Period #3

6. Blues , Kristian Huselius 5 (Milan Jurcina) at 1:31
7. Blues , Kristian Huselius 6 (Saku Koivu, Mikael Backlund) at 9:27 (PP)

Penalties :
Scott Hannan (EDM) for Slashing (Minor) at 3:33, Chris Kunitz (STL) for Roughing (Minor) at 5:03, Karlis Skrastins (EDM) for Hooking (Minor) at 5:41, Roman Hamrlik (EDM) for Tripping (Minor) at 8:30, Chris Phillips (EDM) for Hooking (Minor) at 12:47, Steve Sullivan (EDM) for Holding (Minor) at 15:35, Dennis Wideman (STL) for Holding (Minor) at 17:46, Robyn Regehr (STL) for Hooking (Minor) at 19:49

Goalie Stats

Jonathan Quick (STL), 19 saves from 21 shots - (0.905), W, 5-3-2, 60:00 minutes
Kari Lehtonen (EDM), 37 saves from 42 shots - (0.881), L, 5-8-2, 60:00 minutes

Players Stats

Blues
Player Name              G  A  P  +/- PIM S  H  SB FO    MP 
------------------------------------------------------------
Alexander Frolov         0  0  0   1  0   0  1  0  0/1   11 
Chris Kunitz             0  0  0   1  2   0  2  0  0/1   15 
Daymond Langkow          0  0  0   0  0   1  0  0  5/9   9  
Dennis Wideman           0  1  1   1  2   9  1  2  0/0   24 
Jean-Pierre Dumont       0  0  0   0  2   2  0  0  1/2   11 
Jerred Smithson          0  0  0   0  0   1  0  0  1/6   12 
Jussi Jokinen            1  0  1   1  0   3  0  0  13/30 19 
Kent Huskins             0  1  1   1  0   1  0  2  0/0   16 
Kristian Huselius        3  0  3   1  0   5  1  0  1/1   18 
Mark Fayne               0  0  0   1  0   2  0  0  0/0   16 
Matthew Lombardi         0  0  0   0  0   0  0  0  0/1   10 
Mikael Backlund          1  1  2   0  0   3  0  0  4/7   20 
Milan Jurcina            0  2  2   0  4   2  2  1  0/0   19 
Robyn Regehr             0  0  0   1  2   2  2  2  0/0   24 
Saku Koivu               0  1  1   1  0   6  0  0  19/31 21 
Steve Ott                0  1  1   1  0   3  6  0  0/0   15 
Todd Bertuzzi            0  0  0   0  0   1  2  1  0/3   11 
Yannick Weber            0  1  1   0  0   1  1  2  0/0   19 
Oilers
Player Name              G  A  P  +/- PIM S  H  SB FO    MP 
------------------------------------------------------------
Adam Burish              0  0  0   0  0   1  1  1  0/0   5  
Adrian Aucoin            0  0  0   0  2   0  2  0  0/0   22 
Andrew Ladd              0  0  0  -1  0   0  1  0  0/0   14 
Brent Sopel              0  0  0  -1  0   1  1  1  0/0   18 
Chris Phillips           0  0  0  -1  2   2  0  1  0/0   23 
Dany Heatley             1  1  2  -1  0   2  1  0  1/1   17 
Derek Roy                0  0  0   0  0   1  2  0  9/18  15 
Fernando Pisani          0  0  0  -1  0   1  2  0  0/0   12 
Jochen Hecht             0  0  0   0  0   1  0  0  0/0   15 
Karlis Skrastins         0  0  0   0  2   1  1  2  0/0   20 
Michal Handzus           0  0  0  -1  0   1  0  0  10/26 19 
Radek Dvorak             0  0  0   0  0   0  0  1  0/0   11 
Roman Hamrlik            0  1  1  -1  6   0  0  1  0/0   21 
Scott Hannan             0  0  0  -1  4   0  2  1  0/0   13 
Scott Nichol             0  0  0   0  0   1  2  0  13/19 11 
Stephen Weiss            1  1  2  -1  0   5  0  0  13/24 16 
Steve Sullivan           0  0  0   0  2   4  0  0  0/0   10 
Todd Marchant            0  0  0  -1  0   0  2  0  2/4   21 

3 Stars

1 - Kristian Huselius (STL)
2 - Mikael Backlund (STL)
3 - Steve Ott (STL)

Power Play

Blues - 2 on 9 Attempt(s) - 22.22%
Oilers - 1 on 6 Attempt(s) - 16.67%

Penalty Kill

Blues - 5 on 6 Attempt(s) - 83.33% - Score 0 goal in Penalty Kill
Oilers - 7 on 9 Attempt(s) - 77.78% - Score 0 goal in Penalty Kill

Game Notes

Kristian Huselius has scored a Hat Trick!

Finance

Level 1 -- Attendance: 4491 (69.09%) -- Ticket Income $417,663.00
Level 2 -- Attendance: 4578 (91.56%) -- Ticket Income $215,166.00
Level 3 -- Attendance: 3050 (87.14%) -- Ticket Income $103,700.00
Level 4 -- Attendance: 839 (100.00%) -- Ticket Income $17,619.00
Luxury Box -- Attendance: 830 (83.00%) -- Ticket Income $161,020.00
Game was played at the Rexall Place
Total Attendance: 13788 (81.88%)
Total Ticket Income: $915,788.60
Other Income: $221,315.10
Total Income: $1,137,104.00


Play by Play

Period #1

0:01 of 1st period - Jussi Jokinen wins face-off versus Stephen Weiss in neutral zone.
0:25 of 1st period - Shot by Steve Ott.
0:25 of 1st period - Shot Misses the Net.
0:27 of 1st period - Shot by Jussi Jokinen.
0:27 of 1st period - Goal by Jussi Jokinen - Blues : 1 - Oilers : 0.
0:28 of 1st period - Derek Roy wins face-off versus Saku Koivu in neutral zone.
0:47 of 1st period - Shot by Saku Koivu.
0:47 of 1st period - Stopped by Kari Lehtonen without a rebound.
0:48 of 1st period - Jean-Pierre Dumont wins face-off versus Michal Handzus in Oilers zone.
1:37 of 1st period - Brent Sopel is hit by Todd Bertuzzi and loses puck.
1:38 of 1st period - Minor Penalty to Jean-Pierre Dumont for Roughing.
1:39 of 1st period - Stephen Weiss wins face-off versus Jerred Smithson in Blues zone.
2:24 of 1st period - Icing by Roman Hamrlik.
2:25 of 1st period - Saku Koivu wins face-off versus Stephen Weiss in Oilers zone.
3:00 of 1st period - Shot by Adrian Aucoin.
3:00 of 1st period - Shot Blocked by Kent Huskins.
3:02 of 1st period - Shot by Karlis Skrastins.
3:02 of 1st period - Stopped by Jonathan Quick without a rebound.
3:03 of 1st period - Derek Roy wins face-off versus Jerred Smithson in Blues zone.
3:03 of 1st period - Derek Roy is hit by Robyn Regehr.
3:48 of 1st period - Kristian Huselius is hit by Scott Hannan and loses puck.
4:05 of 1st period - Shot by Fernando Pisani.
4:05 of 1st period - Stopped by Jonathan Quick without a rebound.
4:06 of 1st period - Jussi Jokinen wins face-off versus Scott Nichol in Blues zone.
4:06 of 1st period - Jussi Jokinen is hit by Scott Nichol.
4:20 of 1st period - Shot by Steve Ott.
4:20 of 1st period - Shot Misses the Net.
4:31 of 1st period - Jussi Jokinen is hit by Adrian Aucoin and loses puck.
5:34 of 1st period - Icing by Michal Handzus.
5:35 of 1st period - Kristian Huselius wins face-off versus Michal Handzus in Oilers zone.
5:38 of 1st period - Shot by Saku Koivu.
5:38 of 1st period - Stopped by Kari Lehtonen without a rebound.
5:39 of 1st period - Stephen Weiss wins face-off versus Saku Koivu in Oilers zone.
5:44 of 1st period - Shot by Dany Heatley.
5:44 of 1st period - Deflect By Stephen Weiss.
5:44 of 1st period - Goal by Stephen Weiss - Blues : 1 - Oilers : 1.
5:45 of 1st period - Daymond Langkow wins face-off versus Derek Roy in neutral zone.
6:13 of 1st period - Shot by Derek Roy.
6:13 of 1st period - Shot Misses the Net.
7:08 of 1st period - Shot by Milan Jurcina.
7:08 of 1st period - Shot Blocked by Chris Phillips.
7:27 of 1st period - Off-side.
7:28 of 1st period - Mikael Backlund wins face-off versus Michal Handzus in neutral zone.
8:00 of 1st period - Todd Bertuzzi is hit by Scott Hannan and loses puck.
8:02 of 1st period - Minor Penalty to Scott Hannan for Holding.
8:03 of 1st period - Scott Nichol wins face-off versus Jussi Jokinen in Oilers zone.
8:03 of 1st period - Roman Hamrlik is hit by Chris Kunitz and loses puck.
8:10 of 1st period - Shot by Dennis Wideman.
8:10 of 1st period - Stopped by Kari Lehtonen with a rebound.
8:14 of 1st period - Shot by Chris Kunitz.
8:14 of 1st period - Shot Misses the Net.
8:26 of 1st period - Shot by Dennis Wideman.
8:26 of 1st period - Shot Misses the Net.
8:32 of 1st period - Shot by Dennis Wideman.
8:32 of 1st period - Stopped by Kari Lehtonen without a rebound.
8:33 of 1st period - Saku Koivu wins face-off versus Michal Handzus in Oilers zone.
9:31 of 1st period - Shot by Dennis Wideman.
9:31 of 1st period - Stopped by Kari Lehtonen without a rebound.
9:32 of 1st period - Michal Handzus wins face-off versus Jussi Jokinen in Oilers zone.
9:41 of 1st period - Radek Dvorak is hit by Steve Ott and loses puck.
10:27 of 1st period - Shot by Derek Roy.
10:27 of 1st period - Stopped by Jonathan Quick without a rebound.
10:28 of 1st period - Michal Handzus wins face-off versus Mikael Backlund in Blues zone.
10:43 of 1st period - Shot by Jean-Pierre Dumont.
10:43 of 1st period - Stopped by Kari Lehtonen without a rebound.
10:44 of 1st period - Saku Koivu wins face-off versus Stephen Weiss in Oilers zone.
11:20 of 1st period - Shot by Kristian Huselius.
11:20 of 1st period - Goal by Kristian Huselius - Blues : 2 - Oilers : 1.
11:21 of 1st period - Jussi Jokinen wins face-off versus Todd Marchant in neutral zone.
12:25 of 1st period - Karlis Skrastins is hit by Todd Bertuzzi and loses puck.
12:34 of 1st period - Shot by Steve Sullivan.
12:34 of 1st period - Stopped by Jonathan Quick without a rebound.
12:35 of 1st period - Scott Nichol wins face-off versus Saku Koivu in Blues zone.
12:49 of 1st period - Minor Penalty to Milan Jurcina for Roughing.
12:50 of 1st period - Stephen Weiss wins face-off versus Jerred Smithson in Blues zone.
12:51 of 1st period - Shot by Dany Heatley.
12:51 of 1st period - Stopped by Jonathan Quick without a rebound.
12:52 of 1st period - Jerred Smithson wins face-off versus Stephen Weiss in Blues zone.
13:27 of 1st period - Shot by Dany Heatley.
13:27 of 1st period - Goal by Dany Heatley - Blues : 2 - Oilers : 2.
13:28 of 1st period - Derek Roy wins face-off versus Daymond Langkow in neutral zone.
14:00 of 1st period - Shot by Derek Roy.
14:00 of 1st period - Shot Blocked by Robyn Regehr.
14:31 of 1st period - Shot by Saku Koivu.
14:31 of 1st period - Deflect By Kristian Huselius.
14:31 of 1st period - Shot Misses the Net.
14:35 of 1st period - Shot by Kristian Huselius.
14:35 of 1st period - Deflect By Saku Koivu.
14:35 of 1st period - Stopped by Kari Lehtonen with a rebound.
14:39 of 1st period - Shot by Saku Koivu.
14:39 of 1st period - Shot Misses the Net.
14:41 of 1st period - Shot by Kristian Huselius.
14:41 of 1st period - Stopped by Kari Lehtonen without a rebound.
14:42 of 1st period - Michal Handzus wins face-off versus Todd Bertuzzi in Oilers zone.
15:04 of 1st period - Shot by Michal Handzus.
15:04 of 1st period - Stopped by Jonathan Quick without a rebound.
15:05 of 1st period - Jussi Jokinen wins face-off versus Stephen Weiss in Blues zone.
15:09 of 1st period - Dennis Wideman is hit by Dany Heatley and loses puck.
15:17 of 1st period - Andrew Ladd is hit by Robyn Regehr and loses puck.
16:13 of 1st period - Mark Fayne is hit by Fernando Pisani and loses puck.
17:20 of 1st period - Shot by Chris Phillips.
17:20 of 1st period - Stopped by Jonathan Quick with a rebound.
17:50 of 1st period - Shot by Steve Sullivan.
17:50 of 1st period - Stopped by Jonathan Quick with a rebound.
17:54 of 1st period - Shot by Steve Sullivan.
17:54 of 1st period - Deflect By Jochen Hecht.
17:54 of 1st period - Shot Blocked by Todd Bertuzzi.
18:03 of 1st period - Yannick Weber is hit by Karlis Skrastins and loses puck.
18:28 of 1st period - Shot by Brent Sopel.
18:28 of 1st period - Stopped by Jonathan Quick without a rebound.
18:29 of 1st period - Scott Nichol wins face-off versus Jussi Jokinen in Blues zone.
18:34 of 1st period - Shot by Adam Burish.
18:34 of 1st period - Stopped by Jonathan Quick without a rebound.
18:35 of 1st period - Daymond Langkow wins face-off versus Michal Handzus in Blues zone.
18:35 of 1st period - Daymond Langkow is hit by Fernando Pisani.
19:25 of 1st period - Mark Fayne is hit by Todd Marchant and loses puck.
19:33 of 1st period - Icing by Mark Fayne.
19:34 of 1st period - Saku Koivu wins face-off versus Scott Nichol in Blues zone.
19:49 of 1st period - Shot by Saku Koivu.
19:49 of 1st period - Stopped by Kari Lehtonen without a rebound.
19:50 of 1st period - Derek Roy wins face-off versus Jussi Jokinen in Oilers zone.
19:55 of 1st period - Jussi Jokinen is hit by Derek Roy and loses puck.

Period #2

0:01 of 2nd period - Stephen Weiss wins face-off versus Jussi Jokinen in neutral zone.
0:26 of 2nd period - Shot by Andrew Ladd.
0:26 of 2nd period - Shot Blocked by Dennis Wideman.
0:32 of 2nd period - Shot by Stephen Weiss.
0:32 of 2nd period - Stopped by Jonathan Quick without a rebound.
0:33 of 2nd period - Derek Roy wins face-off versus Saku Koivu in Blues zone.
0:46 of 2nd period - Shot by Derek Roy.
0:46 of 2nd period - Shot Misses the Net.
0:50 of 2nd period - Shot by Steve Sullivan.
0:50 of 2nd period - Shot Misses the Net.
0:54 of 2nd period - Shot by Derek Roy.
0:54 of 2nd period - Shot Misses the Net.
1:41 of 2nd period - Shot by Kent Huskins.
1:41 of 2nd period - Shot Blocked by Brent Sopel.
1:43 of 2nd period - Shot by Yannick Weber.
1:43 of 2nd period - Stopped by Kari Lehtonen without a rebound.
1:44 of 2nd period - Jussi Jokinen wins face-off versus Stephen Weiss in Oilers zone.
1:56 of 2nd period - Minor Penalty to Roman Hamrlik for Holding.
1:57 of 2nd period - Scott Nichol wins face-off versus Jussi Jokinen in Oilers zone.
1:57 of 2nd period - Scott Nichol is hit by Steve Ott.
3:03 of 2nd period - Shot by Mikael Backlund.
3:03 of 2nd period - Stopped by Kari Lehtonen without a rebound.
3:04 of 2nd period - Scott Nichol wins face-off versus Jussi Jokinen in Oilers zone.
4:12 of 2nd period - Mikael Backlund is hit by Adam Burish and loses puck.
4:13 of 2nd period - Minor Penalty to Roman Hamrlik for Slashing.
4:14 of 2nd period - Saku Koivu wins face-off versus Michal Handzus in Oilers zone.
4:17 of 2nd period - Shot by Kristian Huselius.
4:17 of 2nd period - Shot Misses the Net.
4:21 of 2nd period - Shot by Kristian Huselius.
4:21 of 2nd period - Stopped by Kari Lehtonen without a rebound.
4:22 of 2nd period - Jussi Jokinen wins face-off versus Michal Handzus in Oilers zone.
4:23 of 2nd period - Shot by Milan Jurcina.
4:23 of 2nd period - Deflect By Chris Kunitz.
4:23 of 2nd period - Shot Misses the Net.
4:25 of 2nd period - Shot by Chris Kunitz.
4:25 of 2nd period - Shot Misses the Net.
4:29 of 2nd period - Shot by Dennis Wideman.
4:29 of 2nd period - Stopped by Kari Lehtonen with a rebound.
4:33 of 2nd period - Shot by Steve Ott.
4:33 of 2nd period - Stopped by Kari Lehtonen with a rebound.
4:35 of 2nd period - Shot by Dennis Wideman.
4:35 of 2nd period - Stopped by Kari Lehtonen without a rebound.
4:36 of 2nd period - Scott Nichol wins face-off versus Saku Koivu in Oilers zone.
4:47 of 2nd period - Shot by Saku Koivu.
4:47 of 2nd period - Stopped by Kari Lehtonen without a rebound.
4:48 of 2nd period - Todd Marchant wins face-off versus Jussi Jokinen in Oilers zone.
5:09 of 2nd period - Shot by Jussi Jokinen.
5:09 of 2nd period - Stopped by Kari Lehtonen without a rebound.
5:10 of 2nd period - Michal Handzus wins face-off versus Saku Koivu in Oilers zone.
5:20 of 2nd period - Off-side.
5:21 of 2nd period - Michal Handzus wins face-off versus Saku Koivu in neutral zone.
6:09 of 2nd period - Shot by Milan Jurcina.
6:09 of 2nd period - Stopped by Kari Lehtonen without a rebound.
6:10 of 2nd period - Jussi Jokinen wins face-off versus Michal Handzus in Oilers zone.
6:21 of 2nd period - Shot by Robyn Regehr.
6:21 of 2nd period - Shot Misses the Net.
6:23 of 2nd period - Shot by Dennis Wideman.
6:23 of 2nd period - Stopped by Kari Lehtonen with a rebound.
6:25 of 2nd period - Shot by Daymond Langkow.
6:25 of 2nd period - Stopped by Kari Lehtonen without a rebound.
6:26 of 2nd period - Mikael Backlund wins face-off versus Michal Handzus in Oilers zone.
6:58 of 2nd period - Shot by Kent Huskins.
6:58 of 2nd period - Stopped by Kari Lehtonen with a rebound.
7:22 of 2nd period - Shot by Jerred Smithson.
7:22 of 2nd period - Shot Blocked by Roman Hamrlik.
7:24 of 2nd period - Shot by Robyn Regehr.
7:24 of 2nd period - Stopped by Kari Lehtonen without a rebound.
7:25 of 2nd period - Saku Koivu wins face-off versus Derek Roy in Oilers zone.
7:35 of 2nd period - Minor Penalty to Milan Jurcina for Tripping.
7:36 of 2nd period - Stephen Weiss wins face-off versus Jerred Smithson in Blues zone.
8:01 of 2nd period - Shot by Stephen Weiss.
8:01 of 2nd period - Shot Misses the Net.
8:03 of 2nd period - Shot by Chris Phillips.
8:03 of 2nd period - Shot Misses the Net.
8:05 of 2nd period - Shot by Stephen Weiss.
8:05 of 2nd period - Stopped by Jonathan Quick without a rebound.
8:06 of 2nd period - Saku Koivu wins face-off versus Derek Roy in Blues zone.
8:06 of 2nd period - Saku Koivu is hit by Andrew Ladd.
8:20 of 2nd period - Shot by Jussi Jokinen.
8:20 of 2nd period - Stopped by Kari Lehtonen without a rebound.
8:21 of 2nd period - Derek Roy wins face-off versus Saku Koivu in Oilers zone.
8:36 of 2nd period - Shot by Andrew Ladd.
8:36 of 2nd period - Shot Misses the Net.
8:38 of 2nd period - Shot by Andrew Ladd.
8:38 of 2nd period - Shot Blocked by Yannick Weber.
8:40 of 2nd period - Shot by Adrian Aucoin.
8:40 of 2nd period - Shot Misses the Net.
9:28 of 2nd period - Shot by Dany Heatley.
9:28 of 2nd period - Deflect By Stephen Weiss.
9:28 of 2nd period - Shot Blocked by Dennis Wideman.
9:50 of 2nd period - Shot by Saku Koivu.
9:50 of 2nd period - Stopped by Kari Lehtonen without a rebound.
9:51 of 2nd period - Michal Handzus wins face-off versus Daymond Langkow in Oilers zone.
10:17 of 2nd period - Shot by Brent Sopel.
10:17 of 2nd period - Shot Misses the Net.
10:50 of 2nd period - Jochen Hecht is hit by Dennis Wideman and loses puck.
11:03 of 2nd period - Icing by Karlis Skrastins.
11:04 of 2nd period - Saku Koivu wins face-off versus Derek Roy in Oilers zone.
11:07 of 2nd period - Shot by Kristian Huselius.
11:07 of 2nd period - Shot Misses the Net.
11:27 of 2nd period - Stephen Weiss is hit by Milan Jurcina.
11:57 of 2nd period - Shot by Stephen Weiss.
11:57 of 2nd period - Deflect By Dany Heatley.
11:57 of 2nd period - Shot Blocked by Milan Jurcina.
12:38 of 2nd period - Shot by Mikael Backlund.
12:38 of 2nd period - Shot Blocked by Scott Hannan.
12:56 of 2nd period - Icing by Brent Sopel.
12:57 of 2nd period - Jussi Jokinen wins face-off versus Michal Handzus in Oilers zone.
13:45 of 2nd period - Minor Penalty to Adrian Aucoin for Tripping.
13:46 of 2nd period - Scott Nichol wins face-off versus Jussi Jokinen in Oilers zone.
14:03 of 2nd period - Robyn Regehr is hit by Scott Nichol.
14:04 of 2nd period - Icing by Robyn Regehr.
14:05 of 2nd period - Scott Nichol wins face-off versus Jussi Jokinen in Blues zone.
14:17 of 2nd period - Icing by Robyn Regehr.
14:18 of 2nd period - Jussi Jokinen wins face-off versus Scott Nichol in Blues zone.
14:38 of 2nd period - Off-side.
14:39 of 2nd period - Dany Heatley wins face-off versus Saku Koivu in neutral zone.
14:57 of 2nd period - Shot by Milan Jurcina.
14:57 of 2nd period - Shot Blocked by Karlis Skrastins.
14:59 of 2nd period - Shot by Mikael Backlund.
14:59 of 2nd period - Goal by Mikael Backlund - Blues : 3 - Oilers : 2.
15:00 of 2nd period - Daymond Langkow wins face-off versus Derek Roy in neutral zone.
15:25 of 2nd period - Shot by Steve Sullivan.
15:25 of 2nd period - Shot Misses the Net.
15:36 of 2nd period - Icing by Karlis Skrastins.
15:37 of 2nd period - Derek Roy wins face-off versus Mikael Backlund in Oilers zone.
15:45 of 2nd period - Todd Bertuzzi is hit by Derek Roy and loses puck.
16:04 of 2nd period - Icing by Kent Huskins.
16:05 of 2nd period - Mikael Backlund wins face-off versus Michal Handzus in Blues zone.
16:14 of 2nd period - Shot by Mikael Backlund.
16:14 of 2nd period - Deflect By Todd Bertuzzi.
16:14 of 2nd period - Stopped by Kari Lehtonen without a rebound.
16:15 of 2nd period - Stephen Weiss wins face-off versus Saku Koivu in Oilers zone.
16:23 of 2nd period - Dany Heatley is hit by Alexander Frolov.
16:41 of 2nd period - Shot by Dany Heatley.
16:41 of 2nd period - Shot Misses the Net.
16:43 of 2nd period - Shot by Stephen Weiss.
16:43 of 2nd period - Deflect By Andrew Ladd.
16:43 of 2nd period - Shot Misses the Net.
16:45 of 2nd period - Shot by Andrew Ladd.
16:45 of 2nd period - Shot Misses the Net.
16:47 of 2nd period - Shot by Roman Hamrlik.
16:47 of 2nd period - Shot Misses the Net.
17:19 of 2nd period - Fernando Pisani is hit by Steve Ott and loses puck.
17:24 of 2nd period - Todd Marchant is hit by Steve Ott and loses puck.
17:54 of 2nd period - Icing by Brent Sopel.
17:55 of 2nd period - Todd Marchant wins face-off versus Jean-Pierre Dumont in Oilers zone.
18:13 of 2nd period - Off-side.
18:14 of 2nd period - Daymond Langkow wins face-off versus Scott Nichol in neutral zone.
18:43 of 2nd period - Shot by Robyn Regehr.
18:43 of 2nd period - Stopped by Kari Lehtonen without a rebound.
18:44 of 2nd period - Mikael Backlund wins face-off versus Derek Roy in Oilers zone.
18:50 of 2nd period - Todd Bertuzzi is hit by Adrian Aucoin and loses puck.
19:15 of 2nd period - Shot by Steve Sullivan.
19:15 of 2nd period - Stopped by Jonathan Quick without a rebound.
19:16 of 2nd period - Stephen Weiss wins face-off versus Alexander Frolov in Blues zone.

Period #3

0:01 of 3rd period - Jussi Jokinen wins face-off versus Stephen Weiss in neutral zone.
0:04 of 3rd period - Shot by Dennis Wideman.
0:04 of 3rd period - Stopped by Kari Lehtonen without a rebound.
0:05 of 3rd period - Saku Koivu wins face-off versus Derek Roy in Oilers zone.
0:12 of 3rd period - Icing by Karlis Skrastins.
0:13 of 3rd period - Derek Roy wins face-off versus Jussi Jokinen in Oilers zone.
0:13 of 3rd period - Derek Roy is hit by Chris Kunitz.
0:47 of 3rd period - Shot by Jochen Hecht.
0:47 of 3rd period - Shot Misses the Net.
0:49 of 3rd period - Shot by Adrian Aucoin.
0:49 of 3rd period - Shot Misses the Net.
0:51 of 3rd period - Shot by Steve Sullivan.
0:51 of 3rd period - Shot Blocked by Robyn Regehr.
0:58 of 3rd period - Icing by Dennis Wideman.
0:59 of 3rd period - Stephen Weiss wins face-off versus Jussi Jokinen in Blues zone.
1:04 of 3rd period - Shot by Andrew Ladd.
1:04 of 3rd period - Shot Misses the Net.
1:06 of 3rd period - Shot by Stephen Weiss.
1:06 of 3rd period - Stopped by Jonathan Quick without a rebound.
1:07 of 3rd period - Saku Koivu wins face-off versus Michal Handzus in Blues zone.
1:31 of 3rd period - Shot by Kristian Huselius.
1:31 of 3rd period - Goal by Kristian Huselius - Blues : 4 - Oilers : 2.
1:32 of 3rd period - Stephen Weiss wins face-off versus Todd Bertuzzi in neutral zone.
2:00 of 3rd period - Icing by Roman Hamrlik.
2:01 of 3rd period - Stephen Weiss wins face-off versus Daymond Langkow in Oilers zone.
3:09 of 3rd period - Shot by Steve Sullivan.
3:09 of 3rd period - Stopped by Jonathan Quick without a rebound.
3:10 of 3rd period - Michal Handzus wins face-off versus Mikael Backlund in Blues zone.
3:10 of 3rd period - Michal Handzus is hit by Yannick Weber.
3:17 of 3rd period - Kent Huskins is hit by Brent Sopel.
3:33 of 3rd period - Minor Penalty to Scott Hannan for Slashing.
3:34 of 3rd period - Scott Nichol wins face-off versus Jussi Jokinen in Oilers zone.
3:34 of 3rd period - Scott Nichol is hit by Steve Ott.
3:54 of 3rd period - Shot by Mark Fayne.
3:54 of 3rd period - Stopped by Kari Lehtonen without a rebound.
3:55 of 3rd period - Michal Handzus wins face-off versus Saku Koivu in Oilers zone.
4:01 of 3rd period - Icing by Saku Koivu.
4:02 of 3rd period - Saku Koivu wins face-off versus Michal Handzus in Blues zone.
4:54 of 3rd period - Shot by Dennis Wideman.
4:54 of 3rd period - Shot Blocked by Karlis Skrastins.
4:58 of 3rd period - Shot by Steve Ott.
4:58 of 3rd period - Shot Hit the Post.
5:00 of 3rd period - Shot by Dennis Wideman.
5:00 of 3rd period - Stopped by Kari Lehtonen without a rebound.
5:01 of 3rd period - Jussi Jokinen wins face-off versus Scott Nichol in Oilers zone.
5:03 of 3rd period - Minor Penalty to Chris Kunitz for Roughing.
5:04 of 3rd period - Stephen Weiss wins face-off versus Jussi Jokinen in Blues zone.
5:16 of 3rd period - Icing by Saku Koivu.
5:17 of 3rd period - Derek Roy wins face-off versus Jussi Jokinen in Blues zone.
5:24 of 3rd period - Shot by Jochen Hecht.
5:24 of 3rd period - Stopped by Jonathan Quick without a rebound.
5:25 of 3rd period - Saku Koivu wins face-off versus Stephen Weiss in Blues zone.
5:27 of 3rd period - Icing by Kristian Huselius.
5:28 of 3rd period - Saku Koivu wins face-off versus Stephen Weiss in Blues zone.
5:38 of 3rd period - Icing by Karlis Skrastins.
5:39 of 3rd period - Saku Koivu wins face-off versus Derek Roy in Oilers zone.
5:41 of 3rd period - Minor Penalty to Karlis Skrastins for Hooking.
5:42 of 3rd period - Saku Koivu wins face-off versus Stephen Weiss in Oilers zone.
6:39 of 3rd period - Shot by Jussi Jokinen.
6:39 of 3rd period - Shot Hit the Post.
6:43 of 3rd period - Shot by Dennis Wideman.
6:43 of 3rd period - Shot Misses the Net.
7:46 of 3rd period - Off-side.
7:47 of 3rd period - Stephen Weiss wins face-off versus Daymond Langkow in neutral zone.
8:30 of 3rd period - Minor Penalty to Roman Hamrlik for Tripping.
8:31 of 3rd period - Jussi Jokinen wins face-off versus Michal Handzus in Oilers zone.
9:27 of 3rd period - Shot by Kristian Huselius.
9:27 of 3rd period - Goal by Kristian Huselius - Blues : 5 - Oilers : 2.
9:28 of 3rd period - Scott Nichol wins face-off versus Todd Bertuzzi in neutral zone.
9:57 of 3rd period - Shot by Scott Nichol.
9:57 of 3rd period - Stopped by Jonathan Quick without a rebound.
9:58 of 3rd period - Daymond Langkow wins face-off versus Stephen Weiss in Blues zone.
10:21 of 3rd period - Shot by Jerred Smithson.
10:21 of 3rd period - Shot Misses the Net.
10:23 of 3rd period - Shot by Jerred Smithson.
10:23 of 3rd period - Shot Misses the Net.
10:25 of 3rd period - Shot by Jerred Smithson.
10:25 of 3rd period - Stopped by Kari Lehtonen with a rebound.
11:58 of 3rd period - Shot by Derek Roy.
11:58 of 3rd period - Shot Blocked by Kent Huskins.
12:00 of 3rd period - Shot by Derek Roy.
12:00 of 3rd period - Shot Blocked by Yannick Weber.
12:02 of 3rd period - Shot by Karlis Skrastins.
12:02 of 3rd period - Shot Misses the Net.
12:20 of 3rd period - Off-side.
12:21 of 3rd period - Scott Nichol wins face-off versus Chris Kunitz in neutral zone.
12:36 of 3rd period - Shot by Jussi Jokinen.
12:36 of 3rd period - Shot Misses the Net.
12:38 of 3rd period - Shot by Dennis Wideman.
12:38 of 3rd period - Shot Misses the Net.
12:42 of 3rd period - Shot by Dennis Wideman.
12:42 of 3rd period - Shot Blocked by Adam Burish.
12:46 of 3rd period - Shot by Dennis Wideman.
12:46 of 3rd period - Stopped by Kari Lehtonen without a rebound.
12:47 of 3rd period - Saku Koivu wins face-off versus Michal Handzus in Oilers zone.
12:47 of 3rd period - Minor Penalty to Chris Phillips for Hooking.
12:48 of 3rd period - Jussi Jokinen wins face-off versus Michal Handzus in Oilers zone.
14:33 of 3rd period - Shot by Jussi Jokinen.
14:33 of 3rd period - Deflect By Steve Ott.
14:33 of 3rd period - Stopped by Kari Lehtonen without a rebound.
14:34 of 3rd period - Scott Nichol wins face-off versus Saku Koivu in Oilers zone.
14:34 of 3rd period - Scott Nichol is hit by Kristian Huselius.
14:46 of 3rd period - Shot by Yannick Weber.
14:46 of 3rd period - Shot Misses the Net.
15:14 of 3rd period - Shot by Matthew Lombardi.
15:14 of 3rd period - Deflect By Jean-Pierre Dumont.
15:14 of 3rd period - Stopped by Kari Lehtonen without a rebound.
15:15 of 3rd period - Saku Koivu wins face-off versus Derek Roy in Oilers zone.
15:35 of 3rd period - Minor Penalty to Steve Sullivan for Holding.
15:36 of 3rd period - Scott Nichol wins face-off versus Jussi Jokinen in Oilers zone.
15:44 of 3rd period - Icing by Dennis Wideman.
15:45 of 3rd period - Michal Handzus wins face-off versus Jussi Jokinen in Blues zone.
16:04 of 3rd period - Radek Dvorak is hit by Steve Ott.
16:43 of 3rd period - Shot by Yannick Weber.
16:43 of 3rd period - Shot Misses the Net.
16:45 of 3rd period - Shot by Mark Fayne.
16:45 of 3rd period - Shot Misses the Net.
16:47 of 3rd period - Shot by Mark Fayne.
16:47 of 3rd period - Stopped by Kari Lehtonen with a rebound.
16:49 of 3rd period - Shot by Mark Fayne.
16:49 of 3rd period - Shot Misses the Net.
16:51 of 3rd period - Shot by Mark Fayne.
16:51 of 3rd period - Shot Misses the Net.
16:53 of 3rd period - Shot by Mikael Backlund.
16:53 of 3rd period - Shot Blocked by Radek Dvorak.
16:55 of 3rd period - Shot by Mikael Backlund.
16:55 of 3rd period - Stopped by Kari Lehtonen without a rebound.
16:56 of 3rd period - Michal Handzus wins face-off versus Matthew Lombardi in Oilers zone.
17:18 of 3rd period - Shot by Milan Jurcina.
17:18 of 3rd period - Stopped by Kari Lehtonen with a rebound.
17:22 of 3rd period - Shot by Steve Ott.
17:22 of 3rd period - Stopped by Kari Lehtonen without a rebound.
17:23 of 3rd period - Saku Koivu wins face-off versus Scott Nichol in Oilers zone.
17:34 of 3rd period - Shot by Kristian Huselius.
17:34 of 3rd period - Shot Misses the Net.
17:40 of 3rd period - Shot by Stephen Weiss.
17:40 of 3rd period - Shot Misses the Net.
17:42 of 3rd period - Shot by Stephen Weiss.
17:42 of 3rd period - Stopped by Jonathan Quick with a rebound.
17:44 of 3rd period - Shot by Roman Hamrlik.
17:44 of 3rd period - Shot Misses the Net.
17:46 of 3rd period - Shot by Chris Phillips.
17:46 of 3rd period - Stopped by Jonathan Quick without a rebound.
17:46 of 3rd period - Minor Penalty to Dennis Wideman for Holding.
17:47 of 3rd period - Saku Koivu wins face-off versus Todd Marchant in Blues zone.
18:59 of 3rd period - Robyn Regehr is hit by Todd Marchant and loses puck.
19:15 of 3rd period - Dany Heatley is hit by Milan Jurcina and loses puck.
19:49 of 3rd period - Minor Penalty to Robyn Regehr for Hooking.
19:50 of 3rd period - Stephen Weiss wins face-off versus Jerred Smithson in Blues zone.


Output by the SimonT Hockey Simulator (STHS) for Stephane Roy -- Original Page W3C XHTML 1.0 Valid